 Dungeon Crawl Stone Soup version 0.31-a0-188-g5e087ee2ca (webtiles) character file.

Game seed: 13614715607508832534

388 qw the Skirmisher (level 6, -3/35 HPs)
             Began as a Deep Elf Hunter on June 23, 2023.
             Slain by an iguana (5 damage)
             ... on level 4 of the Dungeon.
             The game lasted 00:00:57 (2655 turns).

qw the Skirmisher (Deep Elf Hunter)                 Turns: 2655, Time: 00:00:58

Health: -3/35      AC:  8    Str: 10    XL:     6   Next: 49%
Magic:  0/8        EV:  9    Int: 14    God:
Gold:   143        SH:  0    Dex: 18    Spells: 5/5 levels left

rFire   . . .        f - +0 shortbow (heavy)
rCold   + . .        (shield currently unavailable)
rNeg    + . .        g - +1 scale mail {rC+}
rPois   .            (no helmet)
rElec   .            (no cloak)
rCorr   .            b - +0 pair of gloves
SInv    .            (no boots)
Will    .....        l - amulet of guardian spirit
Stlth   +            c - ring of positive energy
HPRegen 0.25/turn    (no ring)
MPRegen 0.11/turn

%: guardian spirit
@: about to teleport
A: no striking features
a: no special abilities


You were on level 4 of the Dungeon.
You visited 1 branch of the dungeon, and saw 5 of its levels.

You collected 195 gold pieces.
You spent 52 gold pieces at shops.


   Skills:
 - Level 2.0 Fighting
 + Level 9.5 Ranged Weapons
 - Level 1.8 Armour
 - Level 2.4 Dodging
 - Level 1.2 Stealth


You had 5 spell levels left.
You didn't know any spells.
Your spell library was empty.

Inventory:

Hand Weapons
 f - a +0 heavy shortbow (weapon)
Armour
 b - a +0 pair of gloves (worn)
 g - a +1 scale mail of cold resistance (worn)
Jewellery
 c - a ring of positive energy (left hand)
 l - an amulet of guardian spirit (around neck)
Scrolls
 e - a scroll of identify
 m - 2 scrolls of teleportation
Potions
 a - a potion of ambrosia {unknown}
 d - a potion of curing
 h - a potion of heal wounds {unknown}
 i - a potion of haste {unknown}
 j - a potion of enlightenment {unknown}
 n - a potion of attraction {unknown}

Dungeon Overview and Level Annotations

Branches:
Dungeon (5/15)
 Temple: D:4-7

Altars:
Ashenzari
Hepliaklqana

Shops:
D:1 *:

Portals:
Abyss: D:1***

Annotations:
D:4 3 runed translucent doors, qw's ghost, amateur DEHu


Message History

The arrow hits the orc but does no damage.
The iguana barely misses you.
The iguana bites you but does no damage.
You shoot an arrow. The arrow hits the orc wizard!
You kill the orc wizard!
The orc hits you with a +0 club. The iguana barely misses you.
2650 ||| STAIRDANCE The orc hits you but does no damage.
The orc hits you with a +0 club. The iguana bites you!
You climb upwards.
Level annotation: 3 runed translucent doors, qw's ghost, amateur DEHu
There is a stone staircase leading down here.
Enter note:
Enter note:
Enter note:
Enter note:
Enter note:
Enter note:
Enter note:
Enter note:
Enter note: You shoot an arrow.
The arrow hits the iguana but does no damage.
The orc hits you but does no damage. The orc hits you with a +0 club.
The iguana bites you! The orc hits you but does no damage.
The orc barely misses you. The iguana barely misses you.
You shoot an arrow. The arrow hits the iguana.
The iguana is moderately wounded.
The iguana bites you. The orc hits you with a +0 club.
The orc closely misses you. The orc barely misses you.
The orc hits you with a +0 club. The iguana closely misses you.
2654 ||| READING 3 scrolls of teleportation.
As you read the scroll of teleportation, it crumbles to dust.
You feel strangely unstable. The orc hits you but does no damage.
The orc barely misses you. The iguana closely misses you.
You shoot an arrow. The arrow hits the iguana!
The iguana is almost dead.
The orc closely misses you. The iguana bites you.
You die...

##.##.##.........
##)#.#.####.####.#
###.###....<..###.##
#..## ##.#######.##
##...###.## ##.##
##.....#.## ##.#
#.......########## ##.
##..oo.###.......# ##
##..@## #.......# #
##l## #.......# # ##.##
#.......##### #...#
#............ #..##
#.......###..
##.######.......##...
##...........)...##...
##.###.####.####..##...
#.## ##.###.####.......


You could see an iguana and 2 orcs.

Vanquished Creatures
  A scorpion (D:4)
  A jelly (D:2)
  An orc priest (D:4)
  Natasha (thrice) (D:2)
  3 orc wizards
  4 gnolls (D:4)
  4 dart slugs
  7 orcs
  4 ball pythons
  8 endoplasms
  A giant cockroach (D:1)
  4 goblins
  9 hobgoblins
  3 jackals (D:1)
  4 bats
  A frilled lizard (D:3)
  12 kobolds
  2 rats
72 creatures vanquished.

Notes
Turn   | Place    | Note
-------+----------+-------------------------------------------
     0 | D:1      | qw the Deep Elf Hunter began the quest for the Orb.
     0 | D:1      | Reached XP level 1. HP: 12/12 MP: 3/3
     0 | D:1      | 0 ||| qw: Version: 0.3-a-9-g12657ce
     0 | D:1      | 0 ||| qw: Game counter: 3791
     0 | D:1      | 0 ||| qw: Always use a shield: true
     0 | D:1      | 0 ||| qw: God list: Okawaru
     0 | D:1      | 0 ||| qw: Allow faded altars: false
     0 | D:1      | 0 ||| qw: Do Orc after D:15 true
     0 | D:1      | 0 ||| qw: Do second Lair branch before Depths: true
     0 | D:1      | 0 ||| qw: Lair rune preference: random
     0 | D:1      | 0 ||| qw: Plans: Normal
     0 | D:1      | 0 ||| PLANNING D:1-11
    34 | D:1      | Found Gogejur's Book Boutique.
    34 | D:1      | Found Wytamoblor's General Store.
    78 | D:1      | 78 ||| FLEEEEING.
    79 | D:1      | 79 ||| FLEEEEING.
    85 | D:1      | HP: 3/12 [goblin/+0 dagger (3)]
   136 | D:1      | Reached XP level 2. HP: 16/16 MP: 4/4
   143 | D:1      | Reached skill level 6 in Ranged Weapons
   602 | D:1      | Found Zuom's Assorted Antiques.
   607 | D:1      | 607 ||| SHOPLISTING glowing leather armour (130 gold, have
                  | 52).
   607 | D:1      | 607 ||| BUYING scroll labelled CAG TEF WINE (26 gold).
   607 | D:1      | Bought a scroll labelled CAG TEF WINE for 26 gold pieces
   607 | D:1      | 607 ||| BUYING scroll labelled JUYS APHICO (26 gold).
   607 | D:1      | Bought a scroll labelled JUYS APHICO for 26 gold pieces
   607 | D:1      | 607 ||| SHOPLISTING scroll labelled JUYS APHICO (26 gold,
                  | have 0).
   607 | D:1      | 607 ||| SHOPLISTING scroll labelled WOTIWO XAUFYGG (26
                  | gold, have 0).
   623 | D:1      | Reached XP level 3. HP: 20/20 MP: 5/5
   764 | D:1      | 764 ||| READING scroll labelled CAG TEF WINE.
   765 | D:1      | 765 ||| READING scroll labelled JUYS APHICO.
   766 | D:1      | 766 ||| DROPPING scroll of butterflies.
   831 | D:2      | Found a faded altar of an unknown god.
   850 | D:2      | 850 ||| UPGRADING to +0 ring mail.
   871 | D:2      | 871 ||| UPGRADING to +0 ring mail.
   876 | D:2      | 876 ||| DROPPING +0 leather armour.
   892 | D:2      | Noticed Natasha
   913 | D:2      | Killed Natasha
   914 | D:2      | Reached skill level 7 in Ranged Weapons
   992 | D:2      | Found a hazy altar of Hepliaklqana.
  1056 | D:2      | Reached XP level 4. HP: 25/25 MP: 6/6
  1056 | D:2      | Noticed Natasha
  1057 | D:2      | Killed Natasha
  1226 | D:2      | Noticed Natasha
  1227 | D:2      | Killed Natasha
  1228 | D:2      | Reached skill level 8 in Ranged Weapons
  1359 | D:2      | Reached XP level 5. HP: 29/29 MP: 7/7
  1522 | D:2      | 1522 ||| UPGRADING to ring of positive energy.
  1523 | D:2      | 1523 ||| DRINKING 2 green potions.
  1695 | D:3      | Reached skill level 9 in Ranged Weapons
  1824 | D:3      | Found a broken altar of Ashenzari.
  1882 | D:3      | 1882 ||| UPGRADING to +1 scale mail of cold resistance.
  1892 | D:3      | 1892 ||| DROPPING +0 ring mail.
  1893 | D:3      | 1893 ||| DROPPING +2 leather armour of cold resistance.
  1894 | D:3      | 1894 ||| DRINKING 2 viscous grey potions.
  1895 | D:3      | 1895 ||| DROPPING potion of brilliance.
  2093 | D:4      | Noticed qw's ghost (amateur DEHu)
  2093 | D:4      | Noticed an ice beast
  2097 | D:4      | Noticed an ice beast
  2155 | D:4      | Found a runed translucent gate.
  2155 | D:4      | Found a runed translucent gate.
  2155 | D:4      | Found a runed translucent gate.
  2191 | D:4      | Reached skill level 1 in Armour
  2191 | D:4      | Reached XP level 6. HP: 35/35 MP: 8/8
  2538 | D:4      | 2538 ||| UPGRADING to +0 pair of gloves.
  2543 | D:4      | 2543 ||| UPGRADING to amulet of guardian spirit.
  2548 | D:4      | 2548 ||| READING 4 scrolls labelled ECVOJIGUHI.
  2597 | D:4      | 2597 ||| READING scroll labelled OPOUMUA HEDIMI.
  2644 | D:5      | Entered Level 5 of the Dungeon
  2650 | D:5      | 2650 ||| STAIRDANCE
  2653 | D:4      | HP: 5/35 [iguana (5)]
  2653 | D:4      | HP: 2/35 [orc/+0 club (2)]
  2654 | D:4      | 2654 ||| READING 3 scrolls of teleportation.
  2655 | D:4      | Slain by an iguana

Levels and vault maps discovered:
D:1:      minmay_arrival_glassed_features, layout_basic, serial_shops,
          shop_fountains, shop, nicolae_shop_hallway_plus
D:2:      layout_basic, shapermc_ecumenical_altar_mp_urbaneastern, basic_altar,
          minmay_misc_feat_five, uniq_natasha
D:3:      layout_rooms, mainiacjoe_overflow_alcove_1
D:4:      layout_loops_cross, gammafunk_ghost_icy
D:5:      layout_loops_ring, mainiacjoe_overflow_chevrons,
          mainiacjoe_overflow_24_doors, uniq_edmund, uniq_menkaure

Skill      XL: |  1  2  3  4  5 |
---------------+----------------+-----
Ranged Weapons | 6 7 8 9 |  9.5
Fighting       | 2 |  2.0
Armour         | 1 |  1.8
Dodging        | |  2.4
Stealth        | |  1.2

Action                     |  1- 3 |  4- 6 || total
---------------------------+-------+-------++-------
  Melee: Unarmed           |    18 |       ||    18
   Fire: Shortbow          |    83 |    80 ||   163
    Use: Scroll            |     2 |     3 ||     5
         Potion            |       |     2 ||     2
 Armour: Leather armour    |     3 |       ||     3
         Ring mail         |     4 |     2 ||     6
         Skin              |     4 |       ||     4
         Scale mail        |       |    32 ||    32
  Dodge: Dodged            |    33 |    32 ||    65

Table legend:
 A = Non-vault XP
 B = Vault XP
 C = Vault XP percentage of total XP
 D = Non-vault monster count
 E = Vault monster count
 F = Vault count percentage of total count
                 A         B        C        D         E       F
            +---------+---------+-------+---------+---------+-------
      Total |     519 |      36 |   6.5 |      71 |       1 |   1.4
            +---------+---------+-------+---------+---------+-------
        D:1 |      45 |       0 |   0.0 |      23 |       0 |   0.0
        D:2 |     134 |      36 |  21.2 |      16 |       1 |   5.9
        D:3 |      66 |       0 |   0.0 |      14 |       0 |   0.0
        D:4 |     238 |       0 |   0.0 |      17 |       0 |   0.0
        D:5 |      36 |       0 |   0.0 |       1 |       0 |   0.0
            +---------+---------+-------+---------+---------+-------
